 Dungeon Crawl Stone Soup version 0.23-a0-143-g1adec7b (webtiles) character file.

2 Amnesiac the Caller (level 1, -1/13 HPs)
             Began as a Mummy Summoner on Sept 3, 2018.
             Slain by a hobgoblin (4 damage)
             ... on level 1 of the Dungeon.
             The game lasted 00:00:22 (124 turns).

Amnesiac the Caller (Mummy Summoner)                 Turns: 124, Time: 00:00:23

Health: -1/13      AC:  2    Str: 11    XL:     1   Next: 33%
Magic:  1/4        EV: 12    Int: 14    God:
Gold:   10         SH:  0    Dex: 12    Spells: 5/6 levels left

rFire    x . .     SeeInvis .   (no weapon)
rCold    + . .     Gourm    .   (no shield)
rNeg     + + +     Faith    .   a - +0 robe
rPois    ∞         Spirit   .   (no helmet)
rElec    .         Reflect  .   (no cloak)
rCorr    .         Harm     .   (no gloves)
MR       .....                  (no boots)
Stlth    ++........             (no amulet)
HPRegen  0.04/turn              (no ring)
MPRegen  0.09/turn              (no ring)

@: very slightly contaminated
A: no food or potions, fire vulnerability, cold resistance 1, negative energy
resistance 3, torment resistance, unbreathing
a: no special abilities


You were on level 1 of the Dungeon.
You were not hungry.

You visited 1 branch of the dungeon, and saw 1 of its levels.

You collected 10 gold pieces.

Inventory:

Armour
 a - a +0 robe (worn)
Scrolls
 b - a scroll of remove curse {!r, unknown}
 c - a scroll of identify {!r, unknown}


   Skills:
 - Level 1.5 Dodging
 - Level 1.5 Stealth
 + Level 3.0 Spellcasting
 - Level 3.2 Summonings


You had 5 spell levels left.
You knew the following spells:

 Your Spells              Type           Power        Failure   Level  Hunger
a - Summon Small Mammal   Summ           ##..         5%          1    N/A

Your spell library contained the following spells:

 Spells                   Type           Power        Failure   Level  Hunger
 Call Imp                 Summ           ##......     9%          2    N/A
 Call Canine Familiar     Summ           ##......     17%         3    N/A
 Summon Guardian Golem    Hex/Summ       #.......     32%         3    N/A
 Summon Ice Beast         Ice/Summ       #.......     73%         4    N/A
 Summon Lightning Spire   Summ/Air       #.......     73%         4    N/A

Dungeon Overview and Level Annotations

Branches:
Dungeon (1/15)

Altars:


Innate Abilities, Weirdness & Mutations

You do not eat or drink.
Your flesh is vulnerable to fire.
You are immune to poison.
Your flesh is cold resistant. (rC+)
You are immune to negative energy. (rN+++)
You are immune to unholy pain and torment.
You can survive without breathing.


Message History

You barely miss the giant cockroach. The giant cockroach bites you.
You closely miss the giant cockroach. The giant cockroach bites you.
You hit the giant cockroach but do no damage.
The giant cockroach closely misses you.
The giant cockroach bites you but does no damage.
You hit the giant cockroach.
The giant cockroach is severely wounded.
The giant cockroach dies!
Your Spellcasting skill increases to level 3!
No target in view!
No target in view!
You start resting.
Magic restored.
You start resting.
Your rat disappears in a puff of smoke!
Your bat disappears in a puff of smoke!
HP restored.
You see here a giant cockroach corpse.
You now have 10 gold pieces (gained 6).
A hobgoblin comes into view. It is wielding a club.
The hobgoblin shouts!
A hobgoblin is nearby!
A hobgoblin is nearby!
A hobgoblin is nearby!
A frilled lizard, an ooze and a hobgoblin come into view.
A kobold comes into view. It is wielding a short sword.
A kobold comes into view. It is wielding a whip.
A goblin comes into view. It is wielding a dagger.
The hobgoblin moves out of view.
The frilled lizard moves out of view.
The hobgoblin shouts!
The kobold shouts!
You hear an angry hiss.
The kobold throws a stone.
The stone barely misses you.
Casting: Summon Small Mammal (safe; 5% risk of failure)
Confirm with . or Enter, or press ? or * to list all spells.
The goblin shouts!
You hear a shout!
The hobgoblin barely misses you.
The ooze quivers.
The hobgoblin closely misses you.
The ooze jiggles.
Casting: Summon Small Mammal (safe; 5% risk of failure)
Confirm with . or Enter, or press ? or * to list all spells.
You miscast Summon Small Mammal.
You are very lightly contaminated with residual magic.
Nothing appears to happen.
The hobgoblin hits you with a club. The hobgoblin hits you.
* * * LOW HITPOINT WARNING * * *
The kobold closely misses your quokka.
The kobold hits your quokka but does no damage.
The kobold throws a stone.
The stone closely misses you.
The hobgoblin hits your quokka with a club.
The kobold hits your quokka with a whip.
Your quokka dies!
Your quokka's corpse disappears in a puff of smoke!
The hobgoblin shouts!
Casting: Summon Small Mammal (safe; 5% risk of failure)
Confirm with . or Enter, or press ? or * to list all spells.
The hobgoblin hits you.
* * * LOW HITPOINT WARNING * * *
The hobgoblin closely misses you.
You see here a giant cockroach corpse.
You see here a rat corpse.
Casting: Summon Small Mammal (safe; 5% risk of failure)
Confirm with . or Enter, or press ? or * to list all spells.
The hobgoblin hits you.
You die...

.........(.......#.
..#............#....
..........##### ...
..###..rg..###.... .
......(KKJ........
..######.####.....
#g####.....
##†gb.......
##.@.######## .
#...## ....#####...#
..........###
....#####.### .
#......#
.....####.## ..##
#..# ##.##


You could see an ooze, 2 hobgoblins, a goblin, 2 kobolds, a friendly bat and a
friendly rat.

Vanquished Creatures
  A frilled lizard (D:1)
  A rat (D:1)
2 creatures vanquished.

Vanquished Creatures (collateral kills)
  A giant cockroach (D:1)
1 creature vanquished.

Grand Total: 3 creatures vanquished

Notes
Turn   | Place    | Note
-------+----------+-------------------------------------------
     0 | D:1      | Amnesiac the Mummy Summoner began the quest for the Orb.
     0 | D:1      | Reached XP level 1. HP: 13/13 MP: 4/4
   124 | D:1      | Slain by a hobgoblin

Vault maps used:
D:1:      minmay_arrival_wavy_path

Skill      XL: |  1 |
---------------+----+-----
Spellcasting   | 3 |  3.0
Dodging        | |  1.5
Stealth        | |  1.5
Summonings     | |  3.2

Action                   || total
-------------------------++-------
Melee: Unarmed           ||    10
 Cast: Summon Small Mamm ||     5
 Stab: Sleeping          ||     2
Armor: Robe              ||     1
Dodge: Dodged            ||    10

Table legend:
 A = Non-vault XP
 B = Vault XP
 C = Vault XP percentage of total XP
 D = Non-vault monster count
 E = Vault monster count
 F = Vault count percentage of total count
                 A         B        C        D         E       F
            +---------+---------+-------+---------+---------+-------
      Total |       4 |       0 |   0.0 |       3 |       0 |   0.0
            +---------+---------+-------+---------+---------+-------
        D:1 |       4 |       0 |   0.0 |       3 |       0 |   0.0
            +---------+---------+-------+---------+---------+-------
